 Dungeon Crawl Stone Soup version 0.13-a0-2630-gc2a47ca (webtiles) character file.

2082 Grabo the Martial Artist (level 8, -5/60 HPs)
             Began as a Mottled Draconian Transmuter on Aug 5, 2013.
             Was an Initiate of Okawaru.
             Slain by an orc warrior
             ... wielding a -1,+2 orcish hand axe
              (21 damage)
             ... on Level 7 of the Dungeon.
             The game lasted 00:22:39 (8221 turns).

Grabo the Martial Artist (DrTm)                     Turns: 8221, Time: 00:22:40

HP  -5/60        AC  2     Str 12      XL: 8   Next: 73%
MP   9/12        EV 19     Int 15      God: Okawaru [......]
Gold 381         SH  0     Dex 18      Spells:  3 memorised,  3 levels left

Res.Fire  : . . .   See Invis. : .     - Unarmed
Res.Cold  : + . .   Warding    : .   (armour unavailable)
Life Prot.: . . .   Conserve   : .   (shield currently unavailable)
Res.Poison: x       Res.Corr.  : .   (helmet currently unavailable)
Res.Elec. : .       Clarity    : .   g - melded +2 cloak
Sust.Abil.: . .     Spirit.Shd : .   (gloves currently unavailable)
Res.Mut.  : .       Stasis     : .   (boots currently unavailable)
Res.Rott. : .       Flight     : .   (no amulet)
Saprovore : . . .                    f - ring of protection from cold
                                     (no ring)

@: spider-form, short of breath, quick, slightly resistant to hostile
enchantments, unstealthy
A: (breathe sticky flames), unfitting armour, AC +6
a: End Transformation, Renounce Religion


You were on level 7 of the Dungeon.
You worshipped Okawaru.
Okawaru was pleased with you.
You were hungry.
You were in spider-form.
You visited 2 branches of the dungeon, and saw 8 of its levels.

You collected 361 gold pieces.

Inventory:

Hand weapons
 b - a +0,+1 longbow of frost
Missiles
 m - 9 arrows
Armour
 g - a +2 cloak (melded)
Magical devices
 i - a wand of magic darts (11)
 w - a wand of hasting (8)
 y - a wand of cold (10)
 B - a wand of lightning (2)
Comestibles
 a - 2 bread rations
 c - a meat ration
Scrolls
 e - 3 scrolls of teleportation
 h - a scroll of fear
 k - a scroll of curse weapon {unknown}
 l - 5 scrolls of remove curse {remcur, unknown}
 n - a scroll of magic mapping
 s - 5 scrolls of fog
 D - a scroll of identify
Jewellery
 f - a ring of protection from cold (right front leg)
Potions
 j - 2 potions of heal wounds
 o - 2 potions of invisibility
 r - a potion of might
 v - a potion of curing
 E - 2 potions of speed
Books
 d - a book of Changes

   Spells                             Type                      Level
   *Beastly Appendage                 Transmutation                1
   Sticks to Snakes                   Transmutation                2
   *Spider Form                       Transmutation/Poison         3
   *Ice Form                          Ice/Transmutation            4
   Blade Hands                        Transmutation                5


   Skills:
 - Level 1.1 Fighting
 - Level 1.7 Dodging
 * Level 8.5 Unarmed Combat
 - Level 2.0 Spellcasting
 + Level 6.6 Transmutations
 + Level 3.1 Ice Magic
 - Level 3.1 Poison Magic


You had 3 spell levels left.
You knew the following spells:

 Your Spells              Type           Power        Failure   Level  Hunger
a - Beastly Appendage     Trmt           ###...       6%          1    #......
b - Spider Form           Trmt/Pois      ###.......   28%         3    ####...
c - Ice Form              Ice/Trmt       ###.......   56%         4    #####..


Dungeon Overview and Level Annotations

Branches:
Dungeon (7/27)             Temple (1/1) D:7
    Orc: D:6-11

Altars:
Ashenzari
Kikubaaqudgha
Okawaru
Trog
Xom
Yredelemnul
Zin
the Shining One


Message History

The orc warrior is moderately wounded.
The orc warrior burns!
The orc warrior hits you with an orcish hand axe!
You hit the orc warrior but do no damage.
The orc warrior is heavily wounded.
The orc warrior burns!
You hit the orc warrior but do no damage.
The orc warrior is severely wounded.
The orc warrior burns!
The orc warrior hits you with an orcish hand axe!
You hit the orc warrior but do no damage.
The orc warrior is severely wounded.
The orc warrior hits you with an orcish hand axe!
* * * LOW HITPOINT WARNING * * *
Casting: Beastly Appendage
Confirm with . or Enter, or press ? or * to list all spells.
You turn into a venomous arachnid creature.
Your +2 cloak melds into your body.
The orc warrior burns!
The orc warrior hits you with an orcish hand axe!
You die...

..# #... # #..#
.. #..# #. #..#
#.##o.###
#.##....
#####..%o.#
........#s.#
##...$(#
#.######......#
#..........[.#.#
#..#######..##...
#..# #.## .....
#..# #.# ###.##
#..# #.# .. #..#
#.#


You could see an orc warrior (burning) and an orc.

Vanquished Creatures
  A steam dragon (D:5)
  An orc warrior (D:6)
  A phantom (D:7)
  3 ogres
  Duvessa (D:4)
  2 giant frogs
  Blork the orc (D:4)
  A hippogriff zombie (D:6)
  Dowan (D:4)
  3 crimson imps
  5 hounds
  Crazy Yiuf (D:4)
  3 orc wizards (D:6)
  4 worker ants
  Ijyb (D:3)
  A jelly (D:7)
  A hound skeleton (D:5)
  4 gnolls (D:5)
  A worm zombie (D:6)
  9 adders
  An inept item mimic (D:6)
  4 worms
  A giant eyeball (D:4)
  12 orcs
  A ball python (D:1)
  A bat skeleton (D:5)
  3 giant cockroaches
  13 hobgoblins
  8 jackals
  10 kobolds
  15 bats
  A giant cockroach zombie (D:6)
  6 giant geckos
  3 giant newts
  19 goblins
  A hobgoblin skeleton (D:4)
  An orc zombie (D:5)
  A quokka (D:5)
  17 rats
163 creatures vanquished.

Vanquished Creatures (others)
  A quokka (D:3)
1 creature vanquished.

Grand Total: 164 creatures vanquished

Notes
Turn   | Place    | Note
--------------------------------------------------------------
     0 | D:1      | Grabo, the Draconian Transmuter, began the quest for the Orb.
     0 | D:1      | Reached XP level 1. HP: 16/16 MP: 1/1
   605 | D:1      | Reached XP level 2. HP: 23/23 MP: 3/3
  1240 | D:2      | Reached XP level 3. HP: 15/28 MP: 4/4
  1406 | D:2      | Learned a level 3 spell: Spider Form
  2039 | D:3      | Noticed an angel
  2040 | D:3      | Found a shimmering altar of Xom.
  2040 | D:3      | Found a glowing silver altar of Zin.
  2055 | D:3      | Noticed Ijyb
  2153 | D:3      | Killed Ijyb
  2153 | D:3      | Reached skill level 4 in Unarmed Combat
  2153 | D:3      | Reached XP level 4. HP: 15/35 MP: 1/6
  3140 | D:4      | Reached XP level 5. HP: 34/40 MP: 4/7
  3265 | D:4      | Noticed Blork the orc
  3281 | D:4      | Killed Blork the orc
  3281 | D:4      | Reached skill level 5 in Unarmed Combat
  3531 | D:4      | Learned a level 4 spell: Ice Form
  3665 | D:4      | Paralysed by a giant eyeball for 4 turns
  3683 | D:4      | Noticed Dowan
  3684 | D:4      | Noticed Duvessa
  3708 | D:4      | Killed Duvessa
  3708 | D:4      | Reached XP level 6. HP: 22/47 MP: 6/9
  3711 | D:4      | Killed Dowan
  3711 | D:4      | Reached skill level 1 in Poison Magic
  4441 | D:4      | Reached skill level 6 in Unarmed Combat
  4441 | D:4      | Reached skill level 5 in Transmutations
  4636 | D:4      | Noticed Crazy Yiuf
  4666 | D:4      | HP: 2/47 [Crazy Yiuf/wand of magic darts (9)]
  4668 | D:4      | Killed Crazy Yiuf
  4668 | D:4      | Your scales start taking on a weird mottled pattern.
  4668 | D:4      | Reached XP level 7. HP: 11/52 MP: 6/10
  4817 | D:5      | Entered Level 5 of the Dungeon
  5287 | D:5      | Found an iron altar of Okawaru.
  5500 | D:5      | Became a worshipper of Warmaster Okawaru
  5556 | D:5      | Found an ancient bone altar of Kikubaaqudgha.
  5876 | D:5      | Found a shattered altar of Ashenzari.
  6351 | D:6      | Reached skill level 7 in Unarmed Combat
  6353 | D:6      | Found a glowing golden altar of the Shining One.
  6480 | D:6      | Reached XP level 8. HP: 56/60 MP: 12/12
  6544 | D:6      | Reached skill level 1 in Ice Magic
  7425 | D:6      | Reached skill level 8 in Unarmed Combat
  7620 | D:7      | Found a staircase to the Ecumenical Temple.
  8039 | Temple   | Entered the Ecumenical Temple
  8221 | D:7      | Slain by an orc warrior

Action                   |  1- 3 |  4- 6 |  7- 9 || total
-------------------------+-------+-------+-------++-------
Melee: Unarmed           |   100 |   243 |   370 ||   713
 Fire: Sling             |    81 |    26 |       ||   107
       Longbow           |       |       |    35 ||    35
Throw: Stone             |       |       |    11 ||    11
 Cast: Spider Form       |     1 |     6 |     3 ||    10
       Beastly Appendage |     1 |     3 |     3 ||     7
 Abil: Breathe Sticky Fl |       |       |     8 ||     8
       End Transformatio |       |       |     2 ||     2
Evoke: Wand              |       |       |     8 ||     8
  Use: Scroll            |       |     4 |    16 ||    20
       Potion            |       |     2 |       ||     2
 Stab: Sleeping          |       |       |     1 ||     1
